 Dungeon Crawl Stone Soup version 0.31-a0-460-g9e667d4245 (webtiles) character file.

Game seed: 2151360475651853985

96 MisterAzrael the Ruffian (level 4, 0/29 HPs)
             Began as an Octopode Shapeshifter on Aug 4, 2023.
             Slain by a kobold
             ... wielding a +1 whip of electrocution
              (20 damage)
             ... on level 3 of the Dungeon.
             The game lasted 00:02:27 (1784 turns).

MisterAzrael the Ruffian (Octopode Shapeshifter)    Turns: 1784, Time: 00:02:28

Health: 0/29       AC:  1    Str: 16    XL:     4   Next: 67%
Magic:  14/14      EV: 13    Int: 10    God:
Gold:   85         SH:  0    Dex: 12    Spells: 4/5 levels left

rFire   . .          .
                       - Unarmed
rCold   . . .        (no shield)
rNeg    . . .        (helmet currently unavailable)
rPois   .            (no amulet)
rElec   .            h - ring of magical power
rCorr   .            (no ring)
SInv    .            (no ring)
Will    .....        (no ring)
Stlth   ++           (no ring)
HPRegen 0.24/turn    (no ring)
MPRegen 0.14/turn    (no ring)
                     (no ring)

%: no passive effects
@: lethally poisoned (0 -> -7), beast-form
A: beast (slay +2), almost no armour, amphibious, 8 rings, camouflage 1,
gelatinous body 1, (nimble swimmer 1), tentacles
a: Begin Untransformation


You were on level 3 of the Dungeon.
You were a hulking beast.
You visited 1 branch of the dungeon, and saw 3 of its levels.

You collected 85 gold pieces.

Inventory:

Missiles
 j - 8 javelins
Jewellery
 h - a ring of magical power (left tentacle)
 k - an amulet of faith
Talismans
 b - a beast talisman (active)
Scrolls
 c - 6 scrolls of identify {unknown}
 d - 3 scrolls of teleportation {unknown}
 e - a scroll of brand weapon {unknown}
 g - a scroll of fog {unknown}
 l - a scroll of enchant weapon {unknown}
 n - a scroll of revelation {unknown}
 o - a scroll of noise {unknown}
Potions
 a - a potion of lignification
 f - a potion of heal wounds {unknown}
 i - 2 potions of might {unknown}
 m - a potion of curing {unknown}


   Skills:
 + Level 1.9 Fighting
 + Level 2.5 Dodging
 + Level 3.4 Unarmed Combat
 + Level 1.0 Spellcasting
 * Level 1.3 Hexes
 + Level 3.4 Shapeshifting


You had 4 spell levels left.
You knew the following spells:

 Your Spells              Type           Power      Damage    Failure   Level
a - Slow                  Hex            12%        N/A       21%         1

Your spell library contained the following spells:

 Spells                   Type           Power      Damage    Failure   Level
 Confusing Touch          Hex            3%         N/A       52%         3
 Vampiric Draining        Necr           0%         2d6       71%         3
 Malign Gateway           Summ/Tloc      0%         N/A       100%        7
 Summon Horrible Things   Summ           0%         N/A       100%        8


Dungeon Overview and Level Annotations

Branches:
Dungeon (3/15)

Altars:
Hepliaklqana


Innate Abilities, Weirdness & Mutations

You are a hulking beast.
Your limbs bulge with bestial killing power. (Slay +2)
You cannot wear most types of armour.
You are amphibious.
You can wear up to eight rings at the same time.
Your skin changes colour to match your surroundings (Stealth+).
Your rubbery body absorbs attacks. (AC +1, EV +1)
((You are camouflaged when in or above water. (Stealth+)))
You have tentacles for arms and can constrict up to eight enemies at once.


Message History

You now have 82 gold pieces (gained 6).
You see here a ball python corpse.
You now have 85 gold pieces (gained 3).
A bat comes into view.
A rat comes into view.
The bat barely misses you. The bat closely misses you.
You miss the bat. Your grab misses the bat. The bat misses you.
The bat misses you.
You barely miss the bat. Your grab misses the bat.
The bat hits you but does no damage. The bat hits you.
The bat closely misses you. The bat misses you.
The bat hits you but does no damage.
You tentacle-slap the bat.
You kill the bat!
The rat barely misses you.
You barely miss the rat. Your grab misses the rat. The rat misses you.
You tentacle-slap the rat.
You kill the rat!
No target in view!
You see here a bat corpse.
You open the gate. 5 kobolds come into view.
A kobold is wielding a +0 dagger and quivering poisoned darts.
A kobold is wielding a +1 whip of electrocution and quivering poisoned darts.
Found a great mace and a maw talisman.
There are monsters nearby!
There is an open gate here. 2 kobolds come into view.
A kobold is wielding a +0 dagger and quivering poisoned darts.
The kobold throws a poisoned dart.
The poisoned dart hits you!
You are poisoned.
You feel very sick.
The kobold shouts! x2
The kobold hits you with a +1 whip of electrocution.
The kobold shouts!
The kobold attacks as you move away!
The kobold hits you with a +1 whip of electrocution.
You are electrocuted!!
Ouch! That really hurt!
You die...

.###..###..#
.##..##.#..#
#####
.#...#.##..#
....#
.....†##..#
####K.K.#
..##.....#
#..K..◎.#
.##.#...##
#.K.K...#
.#.##..##
#..K....#
.###...##
#...K...#
........#
#)h...#
#######.#
##...##
#.########'''##
#.......†.....#
########†...###
######


You could see 7 kobolds.

Vanquished Creatures
  5 adders
  2 worms (D:2)
  5 ball pythons
  6 bats
  3 endoplasms
  2 giant cockroaches (D:1)
  7 goblins
  3 hobgoblins
  A kobold (D:1)
  2 quokkas (D:1)
  A frilled lizard (D:2)
  8 rats
45 creatures vanquished.

Notes
Turn   | Place    | Note
-------+----------+-------------------------------------------
     0 | D:1      | MisterAzrael the Octopode Shapeshifter began the quest for
                  | the Orb.
     0 | D:1      | Reached XP level 1. HP: 13/13 MP: 1/1
    97 | D:1      | Reached XP level 2. HP: 18/18 MP: 2/2
   151 | D:1      | Learned a level 1 spell: Slow
   488 | D:1      | Reached XP level 3. HP: 23/23 MP: 3/3
   925 | D:2      | Found a hazy altar of Hepliaklqana.
   950 | D:2      | Reached skill level 1 in Hexes
   950 | D:2      | Reached XP level 4. HP: 29/29 MP: 5/5
  1198 | D:2      | You fall into a shaft and drop 1 floor!
  1202 | D:3      | Found a faded altar of an unknown god.
  1684 | D:3      | Reached skill level 1 in Spellcasting
  1784 | D:3      | Slain by a kobold

Illustrated notes

Levels and vault maps discovered:
D:1:      dpeg_arrival_windows_large_door, layout_basic
D:2:      layout_basic, basic_altar, grunt_decor_clamped
D:3:      cheibrodos_fertilizer, layout_basic, nicolae_ecumenical_pavilion,
          minmay_bisected

Skill      XL: |  1  2  3  4 |
---------------+-------------+-----
Hexes          | 1 |  1.3
Spellcasting   | 1 |  1.0
Fighting       | |  1.9
Dodging        | |  2.5
Unarmed Combat | |  3.4
Shapeshifting  | |  3.4

Action                     |  1- 3 |  4- 6 || total
---------------------------+-------+-------++-------
  Melee: Unarmed           |    52 |    29 ||    81
         Tentacles         |    10 |     3 ||    13
         Punch             |     3 |     2 ||     5
         Constrict         |    14 |     7 ||    21
   Cast: Slow              |    10 |    10 ||    20
   Stab: Sleeping          |     4 |     3 ||     7
 Armour: Skin              |       |     3 ||     3
  Dodge: Dodged            |    32 |    19 ||    51

Table legend: (Time is in decaauts)
 A = Elapsed time spent in this place.
 B = Non-inter-level travel time spent in this place.
 C = Inter-level travel time spent in this place.
 D = Time resting spent in this place.
 E = Time spent auto-exploring this place.
 F = Levels seen in this place.
 G = Mean time per level.
                   A        B        C        D        E       F      G
               +--------+--------+--------+--------+--------+-----+--------+
         Total |   1778 |   1721 |     57 |      0 |   1432 |   3 |  592.7 |
       Dungeon |   1778 |   1721 |     57 |      0 |   1432 |   3 |  592.7 |
               +--------+--------+--------+--------+--------+-----+--------+

Top non-repeatable levels by time:
     D:2: 894 daAuts
     D:1: 696 daAuts
     D:3: 188 daAuts
